 Dungeon Crawl Stone Soup version 0.29.1-12-g30fa7ad0bf (webtiles) character file.

Game seed: 9056241470065804346

2 Nickssm the Digger (level 1, 0/10 HPs)
             Began as a Gargoyle Earth Elementalist on Jan 14, 2023.
             Slain by a goblin
             ... wielding a +0 club
              (2 damage)
             ... on level 1 of the Dungeon.
             The game lasted 00:01:03 (102 turns).

Nickssm the Digger (Gargoyle Earth Elementalist)     Turns: 102, Time: 00:01:04

Health: 0/10       AC:  4    Str: 11    XL:     1   Next: 40%
Magic:  1/3        EV: 11    Int: 15    God:
Gold:   0          SH:  0    Dex: 10    Spells: 3/4 levels left

rFire   . . .      SeeInvis .   d - staff of air
rCold   . . .      Faith    .   (no shield)
rNeg    + . .      Spirit   .   a - +0 robe
rPois   ∞          Reflect  .   (no helmet)
rElec   +          Harm     .   (no cloak)
rCorr   .          Rampage  .   (no gloves)
Will    .....                   (no boots)
Stlth   ++........              (no amulet)
HPRegen 0.03/turn               (no ring)
MPRegen 0.08/turn               (no ring)

@: very slightly contaminated
A: sickness immunity, AC +2, negative energy resistance 1, electricity
resistance, torment resistance 1, petrification resistance
a: no special abilities


You were on level 1 of the Dungeon.
You visited 1 branch of the dungeon, and saw 1 of its levels.

Inventory:

Armour
 a - a +0 robe (worn)
 c - a +0 buckler
Magical Staves
 d - a staff of air (weapon)
Potions
 b - a potion of magic


   Skills:
 - Level 1.5 Dodging
 - Level 2.1 Stealth
 + Level 2.0 Spellcasting
 + Level 0.9 Transmutations
 + Level 3.7 Earth Magic


You had 3 spell levels left.
You knew the following spells:

 Your Spells              Type           Power      Damage    Failure   Level
a - Sandblast             Erth           24%        2d8       4%          1

Your spell library contained the following spells:

 Spells                   Type           Power      Damage    Failure   Level
 Passwall                 Tmut/Erth      6%         N/A       13%         2
 Stone Arrow              Conj/Erth      14%        3d7       30%         3
 Petrify                  Tmut/Erth      8%         N/A       63%         4


Dungeon Overview and Level Annotations

Branches:
Dungeon (1/15)

Altars:


Innate Abilities, Weirdness & Mutations

You are immune to sickness and miasma.
Your stone body is resilient. (AC +2)
You are immune to poison.
You resist negative energy. (rN+)
You are resistant to electric shocks. (rElec)
You are resistant to unholy torment.
You are immune to petrification.


Message History

The blast of sand misses the ball python.
An endoplasm comes into view.
The blast of sand hits the ball python!
You kill the ball python!
The blast of sand hits the endoplasm!
You kill the endoplasm!
You start resting.
Magic restored.
A goblin comes into view. It is wielding a +0 club.
Found 3 poisoned darts.
Found a scroll labelled TAOBEJA MINO.
You see here a staff of air.
d - a staff of air
Okay, then.
d - a staff of air (weapon)
Found a scroll labelled UHIADO WUCI.
The helpless goblin fails to defend itself.
You hit the goblin.
The goblin is heavily wounded.
The goblin hits you with a +0 club.
You barely miss the goblin.
The goblin is heavily wounded.
The goblin hits you with a +0 club.
You are too injured to fight recklessly!
Casting: Sandblast (safe; 4% risk of failure)
Confirm with . or Enter, or press ? or * to list all spells.
Aiming: Sandblast (safe; 4% risk of failure)
Press: ? - help, Shift-Dir - straight line, f - goblin
Aim: a goblin, wielding a +0 club (heavily wounded, 77% to hit)
You miscast Sandblast.
You are very lightly contaminated with residual magic.
Nothing appears to happen.
The goblin hits you with a +0 club.
* * * LOW HITPOINT WARNING * * *
Casting: Sandblast (safe; 4% risk of failure)
Confirm with . or Enter, or press ? or * to list all spells.
Aiming: Sandblast (safe; 4% risk of failure)
Press: ? - help, Shift-Dir - straight line, f/p - goblin
Aim: a goblin, wielding a +0 club (heavily wounded, 77% to hit)
The blast of sand misses the goblin.
The goblin hits you with a +0 club.
You die...

.. .. ## .. ... #.
..?.#.# ....?..
.....#g### ....
.......@.# ......
.....#...###....(
...#..#....##....
##..#.........### #
##.###.........#
##..
#.........^...##...#
##...............#
......##........#
#####.
#........######


You could see a goblin.

Vanquished Creatures
  A ball python (D:1)
  An endoplasm (D:1)
2 creatures vanquished.

Notes
Turn   | Place    | Note
-------+----------+-------------------------------------------
     0 | D:1      | Nickssm the Gargoyle Earth Elementalist began the quest for
                  | the Orb.
     0 | D:1      | Reached XP level 1. HP: 10/10 MP: 3/3
   102 | D:1      | Slain by a goblin

Illustrated notes

Levels and vault maps discovered:
D:1:      dpeg_arrival_rooms_b, layout_rooms, minmay_tetromino_l2

Action                   || total
-------------------------++-------
Melee: Staff             ||     2
 Cast: Sandblast         ||     4
 Stab: Sleeping          ||     1
